PCL
MILE HIGH BRONCOS @ DISTRICT 9 PRAWNS
07/15/2024
 
TOP OF THE 1ST
Mile High Broncos batting - Pitching for District 9 Prawns : RHP Gerard Allen
Pitching: RHP Gerard Allen
Batting: RHB Juan Gonzáles 0-0: Swinging Strike
0-1: Ball
1-1: SINGLE (Groundball, 4MD)
Batting: RHB Juan Jose Guevana 0-0: Ball
1-0: Ball
2-0: Ball
3-0: Called Strike
3-1: Foul Ball, location: 2F
3-2: Strikes out swinging
Batting: RHB Vincente Ventura 0-0: Ball
1-0: Foul Ball, location: 2F
1-1: Foul Ball, location: 2F
1-2: Ground out 3-1 (Groundball, 34S)
Juan Gonzáles to second
Batting: LHB Doyle Otterburn 0-0: Called Strike
0-1: Foul Ball, location: 2F
0-2: Ball
1-2: SINGLE (Groundball, 34D)
Juan Gonzáles to third
Runner from 3rd tries for Home, SAFE, no throw or cutoff
Batting: LHB Bill Houston 0-0: Called Strike
0-1: Ball
1-1: Fielders Choice at 2nd, 6-4 (Groundball, 6)
Top of the 1st over - 1 run(s), 2 hit(s), 0 error(s), 0 left on base; Mile High 1 - District 9 0
BOTTOM OF THE 1ST
District 9 Prawns batting - Pitching for Mile High Broncos : RHP Bob Smith
Pitching: RHP Bob Smith
Batting: LHB Terry White 0-0: Foul Ball, location: 2F
0-1: Ball
1-1: Fly out, F7 (Line Drive, 78D)
Batting: RHB Alfredo Cortéz 0-0: Ground out 4-3 (Groundball, 4)
Batting: RHB Tony Guzmán 0-0: Foul Ball, location: 2F
0-1: Ball
1-1: SOLO HOME RUN (Flyball, 89XD), Distance : 409 ft
Batting: SHB Tommy Bourassa 0-0: SINGLE (Groundball, 4MD)
Batting: LHB José Flores 0-0: Ball
1-0: Called Strike
1-1: Ball
2-1: Ball
3-1: Called Strike
3-2: Foul Ball, location: 2F
3-2: Base on Balls
Tommy Bourassa to second
Batting: RHB Mal Snyder 0-0: Foul Ball, location: 2F
0-1: Ball
Passed Ball!
Tommy Bourassa to third
José Flores to second
1-1: Swinging Strike
1-2: 3-RUN HOME RUN (Flyball, 89XD), Distance : 412 ft
Batting: LHB Ryan Hensley 0-0: Ball
1-0: Called Strike
1-1: Ball
2-1: Ball
3-1: Base on Balls
Batting: SHB Mark Pope 0-0: Ball
1-0: Ball
2-0: Foul Ball, location: 2F
2-1: SINGLE (Line Drive, 8LM)
Ryan Hensley to second
Batting: RHB Phil Jacobs 0-0: Fielders Choice at 2nd, U4 (Groundball, 4M)
Bottom of the 1st over - 4 run(s), 4 hit(s), 0 error(s), 2 left on base; Mile High 1 - District 9 4
TOP OF THE 2ND
Mile High Broncos batting - Pitching for District 9 Prawns : RHP Gerard Allen
Batting: RHB Su-kweon Yu 0-0: Swinging Strike
0-1: Reached on error, E3 (Groundball, 3S)
Batting: SHB Tom Stevens 0-0: Foul Ball, location: 2F
0-1: Foul Ball, location: 2F
0-2: Ball
1-2: Foul Ball, location: 2F
1-2: Strikes out looking
Batting: RHB José Rodríguez 0-0: Called Strike
0-1: Fly out, F8 (Flyball, 8RM)
Batting: RHB Marcos Reyes 0-0: Called Strike
0-1: Ball
1-1: Ball
2-1: Ball
3-1: Base on Balls
Su-kweon Yu to second
Batting: RHB Juan Gonzáles 0-0: Ball
1-0: Foul Ball, location: 2F
1-1: Ball
2-1: DOUBLE (Flyball, 89XD)
Su-kweon Yu scores
Marcos Reyes to third
Runner from 3rd tries for Home, SAFE, no throw or cutoff
Batting: RHB Juan Jose Guevana 0-0: Ball
1-0: 2-RUN HOME RUN (Flyball, 7LD), Distance : 358 ft
Batting: RHB Vincente Ventura 0-0: Ball
1-0: Called Strike
1-1: Fly out, F8 (Flyball, 8RM)
Top of the 2nd over - 4 run(s), 2 hit(s), 1 error(s), 0 left on base; Mile High 5 - District 9 4
BOTTOM OF THE 2ND
District 9 Prawns batting - Pitching for Mile High Broncos : RHP Bob Smith
Batting: LHB Terry White 0-0: Ball
1-0: Swinging Strike
1-1: Ball
2-1: Swinging Strike
2-2: Ball
3-2: Strikes out swinging
Batting: RHB Alfredo Cortéz 0-0: Foul Ball, location: 2F
0-1: Ball
1-1: Called Strike
1-2: Ball
2-2: Foul Ball, location: 2F
2-2: Ball
3-2: Ground out 5-3 (Groundball, 5S)
Batting: RHB Tony Guzmán 0-0: Ground out 1-3 (Groundball, 25)
Bottom of the 2nd over - 0 run(s), 0 hit(s), 0 error(s), 0 left on base; Mile High 5 - District 9 4
TOP OF THE 3RD
Mile High Broncos batting - Pitching for District 9 Prawns : RHP Gerard Allen
Batting: LHB Doyle Otterburn 0-0: Ball
1-0: SINGLE (Groundball, 3D)
Batting: LHB Bill Houston 0-0: Ball
1-0: SINGLE (Groundball, 5D)
Doyle Otterburn to second
Batting: RHB Su-kweon Yu 0-0: Called Strike
0-1: Foul Ball, location: 2F
0-2: DOUBLE (Flyball, 7LM)
Doyle Otterburn scores
Bill Houston to third
Batting: SHB Tom Stevens 0-0: Ball
1-0: Fly out, F8 (Flyball, 8LM)
Runner from 3rd tags up, SCORES, throw made
Batting: RHB José Rodríguez 0-0: Called Strike
0-1: Called Strike
0-2: Ball
Wild Pitch!
Su-kweon Yu to third
1-2: Ground out 5-3 (Groundball, 5S)
Batting: RHB Marcos Reyes 0-0: Ball
1-0: Called Strike
1-1: Called Strike
1-2: Strikes out swinging
Top of the 3rd over - 2 run(s), 3 hit(s), 0 error(s), 1 left on base; Mile High 7 - District 9 4
BOTTOM OF THE 3RD
District 9 Prawns batting - Pitching for Mile High Broncos : RHP Bob Smith
Batting: SHB Tommy Bourassa 0-0: Foul Ball, location: 2F
0-1: Ball
1-1: Ball
2-1: Ball
3-1: Base on Balls
Batting: LHB José Flores 0-0: Called Strike
0-1: Ball
1-1: Foul Ball, location: 2F
1-2: Grounds into double play, 4-6-3 (Groundball, 4)
Batting: RHB Mal Snyder 0-0: Ball
1-0: Called Strike
1-1: Ball
2-1: SINGLE (Groundball, 6MD)
Batting: LHB Ryan Hensley 0-0: Called Strike
0-1: DOUBLE (Line Drive, 9LS)
Mal Snyder to third
Runner from 3rd tries for Home, SAFE, no throw or cutoff
Batting: SHB Mark Pope 0-0: TRIPLE (Line Drive, 8LXD)
Ryan Hensley scores
Batting: RHB Phil Jacobs 0-0: Called Strike
0-1: SINGLE (Groundball, 6MD)
Mark Pope scores
Batting: LHB Terry White 0-0: Ball
1-0: Ball
2-0: Ball
3-0: Base on Balls
Phil Jacobs to second
Batting: RHB Alfredo Cortéz 0-0: Ball
1-0: Ball
2-0: Foul Ball, location: 2F
2-1: Foul Ball, location: 2F
2-2: SINGLE (Line Drive, 9S)
Phil Jacobs to third
Terry White to second
Runner from 3rd tries for Home, SAFE, no throw or cutoff
Pitching: RHP Todd Clark
Batting: RHB Tony Guzmán 0-0: Ball
1-0: Ball
2-0: Called Strike
2-1: Ball
3-1: Base on Balls
Terry White to third
Alfredo Cortéz to second
Batting: SHB Tommy Bourassa 0-0: Ball
1-0: Ball
2-0: Called Strike
2-1: Fielders Choice at 2nd, U6 (Groundball, 6M)
Bottom of the 3rd over - 4 run(s), 5 hit(s), 0 error(s), 3 left on base; Mile High 7 - District 9 8
TOP OF THE 4TH
Mile High Broncos batting - Pitching for District 9 Prawns : RHP Gerard Allen
Pitching: RHP Doug Adams
Batting: RHB Juan Gonzáles 0-0: Swinging Strike
0-1: Ball
1-1: SINGLE (Line Drive, 34D)
Batting: RHB Juan Jose Guevana 0-0: Called Strike
0-1: Ball
1-1: Ball
2-1: Foul Ball, location: 2F
2-2: Foul Ball, location: 2F
2-2: Strikes out swinging
Batting: RHB Vincente Ventura 0-0: Called Strike
0-1: Foul Ball, location: 2F
0-2: Ball
1-2: Strikes out swinging
Batting: LHB Doyle Otterburn 0-0: Called Strike
0-1: Swinging Strike
0-2: SINGLE (Groundball, 3D)
Juan Gonzáles to second
Runner from 2nd tries for 3rd, SAFE, throw made to third
Batting: LHB Bill Houston 0-0: Called Strike
0-1: Ball
1-1: Ball
2-1: DOUBLE (Line Drive, 8RXD)
Juan Gonzáles scores
Doyle Otterburn to third
Batting: RHB Su-kweon Yu 0-0: Called Strike
0-1: Swinging Strike
0-2: Ball
1-2: Ball
2-2: Strikes out looking
Top of the 4th over - 1 run(s), 3 hit(s), 0 error(s), 2 left on base; Mile High 8 - District 9 8
BOTTOM OF THE 4TH
District 9 Prawns batting - Pitching for Mile High Broncos : RHP Todd Clark
Batting: LHB José Flores 0-0: Called Strike
0-1: SINGLE (Groundball, 34D)
Batting: RHB Mal Snyder 0-0: Ball
1-0: Called Strike
1-1: Reached on error, E5 (Groundball, 56)
José Flores to second
Batting: LHB Ryan Hensley 0-0: Called Strike
0-1: Ball
1-1: Ball
2-1: Fielders Choice at 2nd, 3-6 (Groundball, 3)
José Flores to third
Batting: SHB Mark Pope 0-0: Ball
1-0: Called Strike
1-1: Called Strike
1-2: Strikes out swinging
Batting: RHB Phil Jacobs 0-0: Foul Ball, location: 2F
0-1: Ball
1-1: Foul Ball, location: 2F
1-2: Foul Ball, location: 2F
1-2: Ball
2-2: Foul Ball, location: 2F
2-2: Foul Ball, location: 2F
2-2: Ball
3-2: Foul Ball, location: 2F
3-2: Foul Ball, location: 2F
3-2: Foul Ball, location: 2F
3-2: Foul Ball, location: 2F
3-2: Foul Ball, location: 2F
3-2: Base on Balls
Ryan Hensley to second
Batting: LHB Terry White 0-0: Ball
1-0: Called Strike
1-1: Ball
2-1: Ground out 4-3 (Groundball, 4MS)
Bottom of the 4th over - 0 run(s), 1 hit(s), 1 error(s), 3 left on base; Mile High 8 - District 9 8
TOP OF THE 5TH
Mile High Broncos batting - Pitching for District 9 Prawns : RHP Doug Adams
Batting: SHB Tom Stevens 0-0: Called Strike
0-1: Ball
1-1: DOUBLE (Flyball, 78D)
Batting: RHB José Rodríguez 0-0: Called Strike
0-1: Ball
1-1: Swinging Strike
1-2: Fly out, F7 (Line Drive, 7D)
Runner from 2nd tags up, SAFE at 3rd, no throw
Batting: RHB Marcos Reyes 0-0: Ball
1-0: Called Strike
1-1: Ball
2-1: Swinging Strike
2-2: Strikes out swinging
Pitching: RHP Jayson Simms
Batting: RHB Juan Gonzáles 0-0: Ball
1-0: Ball
2-0: Foul Ball, location: 2F
2-1: Ball
3-1: Foul Ball, location: 2F
3-2: Base on Balls
Batting: RHB Juan Jose Guevana 0-0: Called Strike
0-1: Ball
1-1: Ball
2-1: Ball
3-1: Base on Balls
Juan Gonzáles to second
Batting: RHB Vincente Ventura 0-0: Ball
1-0: Foul Ball, location: 2F
1-1: Ball
2-1: Foul Ball, location: 2F
2-2: Foul Ball, location: 2F
2-2: Strikes out looking
Top of the 5th over - 0 run(s), 1 hit(s), 0 error(s), 3 left on base; Mile High 8 - District 9 8
BOTTOM OF THE 5TH
District 9 Prawns batting - Pitching for Mile High Broncos : RHP Todd Clark
Batting: RHB Alfredo Cortéz 0-0: Called Strike
0-1: Ball
1-1: Ball
2-1: Ball
3-1: Base on Balls
Batting: RHB Tony Guzmán 0-0: Swinging Strike
0-1: Swinging Strike
0-2: Strikes out looking
Batting: SHB Tommy Bourassa Pickoff Throw to First - Error! E1
Alfredo Cortéz to second
0-0: Ground out 4-3 (Groundball, 4M)
Alfredo Cortéz to third
Batting: LHB José Flores 0-0: Ball
1-0: Foul Ball, location: 2F
1-1: Ball
2-1: Swinging Strike
2-2: Foul Ball, location: 2F
2-2: Ball
3-2: Base on Balls
Pitching: LHP Mark Stewart
Batting: RHB Mal Snyder 0-0: Ball
1-0: Foul Ball, location: 2F
1-1: Swinging Strike
1-2: Ball
2-2: Ball
3-2: Foul Ball, location: 2F
3-2: Strikes out swinging
Bottom of the 5th over - 0 run(s), 0 hit(s), 1 error(s), 2 left on base; Mile High 8 - District 9 8
TOP OF THE 6TH
Mile High Broncos batting - Pitching for District 9 Prawns : RHP Jayson Simms
Batting: LHB Doyle Otterburn 0-0: Swinging Strike
0-1: Swinging Strike
0-2: Ground out U3 (Groundball, 3S)
Batting: LHB Bill Houston 0-0: Called Strike
0-1: Foul Ball, location: 2F
0-2: Strikes out swinging
Batting: RHB Su-kweon Yu 0-0: Ball
1-0: Ground out U3 (Groundball, 3L)
Top of the 6th over - 0 run(s), 0 hit(s), 0 error(s), 0 left on base; Mile High 8 - District 9 8
BOTTOM OF THE 6TH
District 9 Prawns batting - Pitching for Mile High Broncos : LHP Mark Stewart
Batting: LHB Ryan Hensley 0-0: Ball
1-0: Ball
2-0: Ball
3-0: Ground out U3 (Groundball, 3S)
Batting: SHB Mark Pope 0-0: Ball
1-0: Called Strike
1-1: SINGLE (Popup, 89S)
Batting: RHB Phil Jacobs 0-0: Called Strike
0-1: Called Strike
0-2: Ball
1-2: Ball
2-2: Foul Ball, location: 2F
2-2: Strikes out looking
Batting: LHB Terry White 0-0: Called Strike
0-1: Ball
1-1: SINGLE (Line Drive, 78M)
Mark Pope to second
Batting: RHB Alfredo Cortéz 0-0: Foul Ball, location: 2F
0-1: Called Strike
0-2: SINGLE (Flyball, 89S)
Mark Pope to third
Terry White to second
Batting: RHB Tony Guzmán 0-0: Ball
1-0: Ball
2-0: SINGLE (Line Drive, 9S)
Mark Pope scores
Terry White to third
Alfredo Cortéz to second
Batting: SHB Tommy Bourassa 0-0: Called Strike
0-1: Fly out, F8 (Flyball, 8LD)
Bottom of the 6th over - 1 run(s), 4 hit(s), 0 error(s), 3 left on base; Mile High 8 - District 9 9
TOP OF THE 7TH
Mile High Broncos batting - Pitching for District 9 Prawns : RHP Jayson Simms
Batting: SHB Tom Stevens 0-0: Called Strike
0-1: Ball
1-1: Swinging Strike
1-2: Ball
2-2: Ball
3-2: Fly out, F7 (Flyball, 78M)
Batting: RHB José Rodríguez 0-0: Called Strike
0-1: Ball
1-1: Swinging Strike
1-2: Ground out 5-3 (Groundball, 5S)
Pitching: RHP Julián Romero
Batting: RHB Marcos Reyes 0-0: DOUBLE (Flyball, 8RS)
Batting: RHB Juan Gonzáles 0-0: Called Strike
0-1: Called Strike
0-2: Ball
1-2: Strikes out swinging
Top of the 7th over - 0 run(s), 1 hit(s), 0 error(s), 1 left on base; Mile High 8 - District 9 9
BOTTOM OF THE 7TH
District 9 Prawns batting - Pitching for Mile High Broncos : LHP Mark Stewart
Batting: LHB José Flores 0-0: Foul Ball, location: 2F
0-1: Foul Ball, location: 2F
0-2: Ball
1-2: Ball
2-2: Ground out 4-3 (Groundball, 4)
Batting: RHB Mal Snyder 0-0: Foul Ball, location: 2F
0-1: Swinging Strike
0-2: SINGLE (Groundball, 34)
Batting: LHB Ryan Hensley 0-0: Called Strike
0-1: Ball
1-1: Called Strike
1-2: Strikes out swinging
Pinch Hitting: RHB Lateef Makini 0-0: Ball
1-0: Foul Ball, location: 2F
1-1: Foul Ball, location: 2F
1-2: Ball
2-2: Fielders Choice at 2nd, U6 (Groundball, 6M)
Bottom of the 7th over - 0 run(s), 1 hit(s), 0 error(s), 1 left on base; Mile High 8 - District 9 9
TOP OF THE 8TH
Mile High Broncos batting - Pitching for District 9 Prawns : RHP Julián Romero
Pitching: RHP Fernando Mendoza
Now at 2B: Manuel Torres
Batting: RHB Juan Jose Guevana 0-0: Called Strike
0-1: Ball
1-1: Called Strike
1-2: Strikes out looking
Batting: RHB Vincente Ventura 0-0: Ball
1-0: Ball
2-0: Swinging Strike
2-1: Ground out 6-3 (Groundball, 6)
Batting: LHB Doyle Otterburn 0-0: Ball
1-0: Ball
2-0: Ball
3-0: Called Strike
3-1: Swinging Strike
3-2: Foul Ball, location: 2F
3-2: Base on Balls
Batting: LHB Bill Houston 0-0: Ball
1-0: Ground out 1-3 (Groundball, 23)
Top of the 8th over - 0 run(s), 0 hit(s), 0 error(s), 1 left on base; Mile High 8 - District 9 9
BOTTOM OF THE 8TH
District 9 Prawns batting - Pitching for Mile High Broncos : LHP Mark Stewart
Pitching: RHP Myoung-chul Im
Batting: RHB Phil Jacobs 0-0: Ball
1-0: Swinging Strike
1-1: Ball
2-1: Ball
3-1: Foul Ball, location: 2F
3-2: Strikes out swinging
Batting: LHB Terry White 0-0: Foul Ball, location: 2F
0-1: Ball
1-1: Ball
2-1: Foul Ball, location: 2F
2-2: Strikes out swinging
Batting: RHB Alfredo Cortéz 0-0: Ball
1-0: Ball
2-0: Called Strike
2-1: Ball
3-1: Called Strike
3-2: SINGLE (Groundball, 6M)
Batting: RHB Tony Guzmán 0-0: Foul Ball, location: 2F
0-1: Called Strike
0-2: Foul Ball, location: 2F
0-2: Foul Ball, location: 2F
0-2: Ball
1-2: Strikes out swinging
Bottom of the 8th over - 0 run(s), 1 hit(s), 0 error(s), 1 left on base; Mile High 8 - District 9 9
TOP OF THE 9TH
Mile High Broncos batting - Pitching for District 9 Prawns : RHP Fernando Mendoza
Pitching: LHP Pedro Vega
Now at C: Ralph Schultz
Batting: RHB Su-kweon Yu 0-0: Ball
1-0: Ball
2-0: Called Strike
2-1: Foul Ball, location: 2F
2-2: Foul Ball, location: 2F
2-2: Ground out 5-3 (Groundball, 5L)
Batting: SHB Tom Stevens 0-0: Called Strike
0-1: Ball
1-1: Foul Ball, location: 2F
1-2: Strikes out looking
Batting: RHB José Rodríguez 0-0: Ball
1-0: Called Strike
1-1: Foul Ball, location: 2F
1-2: Ground out 4-3 (Groundball, 4M)
Top of the 9th over - 0 run(s), 0 hit(s), 0 error(s), 0 left on base; Mile High 8 - District 9 9
This league is powered by Out of the Park Baseball, the baseball management simulation game for PC, Mac and Linux
Saturday, April 9th, 2016 - OOTP Baseball 16.8 Build 38